 Dungeon Crawl Stone Soup version 0.19-a0-867-g949743d (webtiles) character file.

49 matakusis the Ducker (level 3, 0/28 HPs)
             Began as a Demonspawn Gladiator on July 3, 2016.
             Slain by a rat (1 damage)
             ... on level 2 of the Dungeon.
             The game lasted 00:02:55 (712 turns).

matakusis the Ducker (Demonspawn Gladiator)          Turns: 712, Time: 00:02:56

Health: 0/28       AC:  4    Str: 19 (20) XL:     3   Next: 53%
Magic:  3/3        EV: 16    Int:  8 (9)  God:
Gold:   58         SH:  0    Dex: 12 (14) Spells: 0 memorised, 2 levels left

rFire  . . .     SeeInvis .     a - +0 long sword
rCold  + . .     Gourm    .     b - +0 leather armour
rNeg   . . .     Faith    .     (no shield)
rPois  .         Spirit   .     c - +0 helmet
rElec  .         Dismiss  .     (no cloak)
rCorr  .         Reflect  .     (no gloves)
SustAt .         Harm     .     (no boots)
MR     .....                    (no amulet)
Stlth  +.........               (no ring)
                                k - +3 ring of evasion

@: mighty, lethally poisoned (0 -> -4), very slightly contaminated, hasted, very
quick, not resistant to hostile enchantments, very unstealthy
A: cold resistance 1
a: no special abilities


You were on level 2 of the Dungeon.
You were not hungry.

You visited 1 branch of the dungeon, and saw 2 of its levels.

You collected 58 gold pieces.

Inventory:

Hand Weapons
 a - a +0 long sword (weapon)
Missiles
 d - 3 throwing nets (quivered)
Armour
 b - a +0 leather armour (worn)
 c - a +0 helmet (worn)
Jewellery
 k - a +3 ring of evasion (left hand)
Scrolls
 h - a scroll of noise {unknown}
 i - a scroll of immolation {unknown}
 m - a scroll of teleportation {unknown}
 n - a scroll of remove curse {unknown}
Potions
 o - a potion of degeneration
Comestibles
 f - 2 bread rations
 g - 3 chunks of flesh
 l - a meat ration


   Skills:
 * Level 2.4 Fighting
 + Level 3.0 Long Blades
 - Level 1.7 Throwing
 + Level 0.3 Armour
 * Level 3.5 Dodging


You had 2 spell levels left.
You didn't know any spells.

Dungeon Overview and Level Annotations

Branches:
Dungeon (2/15)

Altars:


Innate Abilities, Weirdness & Mutations

Your flesh is cold resistant. (rC+)


Message History

You feel sick. The bat barely misses you.
You riposte.
You closely miss the bat.
Okay, then.
What do you say? t - Shout!
Orders for allies: a - Attack new target. r - Retreat! s - Stop attacking. w - Wait here. f - Follow me.
Anything else - Stay silent.
Okay, then.
As you read the scroll labeled PIOTTIDYAF, it crumbles to dust.
You feel aware of your surroundings.
You sensed 2 altars.
It was a scroll of magic mapping.
The bat completely misses you.
You barely miss the rat. The bat misses you. The bat closely misses you.
You riposte.
You barely miss the bat. The rat closely misses you.
Unknown command.
You slash the gnoll!
You kill the gnoll!
The bat hits you but does no damage. The rat bites you.
You die...

*,*,,,....$...S,......*,,,,,,,,,,
*,*,*,........,,....,,***********
*,*,*,***#...####.####.#,*,*,*,,*
,,,,*,* #..gg.S.......#,*,*,**,*
*,*,*,* ##....###g######,*,*,**,*
*,*,,,* #..<)..g.......#,*,,,,,,,
,,*,*,**#.....##S.#..b...,,,,,**,
,,,,*,,,#.....##b.#.##.#.****,**,
*,,,,.........##@.#,#*,#,*,,,,**,
+,,,,.........##r.#,**,*,**,*****
*,,,..............#,,,,*,**,*,,,,
****#.......####..#*****,**,*,***
** #..##.#.# #..# *,**,*,* * ,*
*..*#.#.***####************** ,*
*,,**,*,*,,,,,,,,,,,,,,,,,,,* ,*
*,,,,,,,*,,*,,,*,,,*,,,*,,,** ,*
*,***,*,*_,,,,,,,,,,,,,,,,,,,


You could see 2 gnolls, an adder, a bat and a rat.

Vanquished Creatures
  A gnoll (D:2)
  An adder (D:2)
  A giant gecko (D:1)
  2 ball pythons (D:1)
  3 giant cockroaches (D:1)
  3 goblins (D:1)
  3 hobgoblins (D:1)
  3 jackals (D:1)
  4 kobolds (D:1)
  2 bats (D:1)
  A giant newt (D:1)
  2 rats (D:1)
26 creatures vanquished.

Notes
Turn   | Place    | Note
-------+----------+-------------------------------------------
     0 | D:1      | matakusis the Demonspawn Gladiator began the quest for the Orb.
     0 | D:1      | Reached XP level 1. HP: 16/16 MP: 1/1
    99 | D:1      | Gained mutation: Your flesh is cold resistant. (rC+) [demonic ancestry]
    99 | D:1      | Reached XP level 2. HP: 19/22 MP: 2/2
   611 | D:1      | Reached XP level 3. HP: 20/28 MP: 3/3
   709 | D:2      | HP: 1/28 [poisoned by an adder]
   712 | D:2      | Slain by a rat

Vault maps used:
D:1:      dpeg_arrival_pits, kennysheep_pointless_box, hex_medium
D:2:      lemuel_coloured_pillars_altar, nicolae_overflow_hidden_temple,
          kennysheep_generic_room_16

Skill      XL: |  1  2  3 |
---------------+----------+-----
Dodging        | 3 |  3.5
Long Blades    | 3 |  3.0
Fighting       | |  2.4
Throwing       | |  1.7
Armour         | |  0.3

Action                   || total
-------------------------++-------
Melee: Long sword        ||    98
  Use: Potion            ||     3
       Scroll            ||     1
Armor: Leather armour    ||    28
Dodge: Dodged            ||    62
